 Dungeon Crawl Stone Soup version 0.23.0-33-g5e6c059fef (webtiles) character file.

Game seed: 13026688813809485120

99 Naridas the Slasher (level 4, -1/31 HPs)
             Began as an Octopode Fighter on Feb 26, 2019.
             Killed by divine providence
             ... invoked by an orc priest
              (9 damage)
             ... on level 3 of the Dungeon.
             The game lasted 00:05:37 (1778 turns).

Naridas the Slasher (Octopode Fighter)              Turns: 1778, Time: 00:05:38

Health: -1/31      AC:  1    Str: 15    XL:     4   Next: 72%
Magic:  4/4        EV: 11    Int: 10    God:
Gold:   145        SH:  8    Dex: 12    Spells: 3/3 levels left

rFire    . . .     SeeInvis .   a - +0 long sword
rCold    . . .     Gourm    .   b - +0 shield
rNeg     . . .     Faith    .   (helmet restricted)
rPois    .         Spirit   .   (no amulet)
rElec    .         Reflect  .   (no ring)
rCorr    .         Harm     .   (no ring)
MR       .....                  (no ring)
Stlth    ++........             (no ring)
HPRegen  0.10/turn              (no ring)
MPRegen  0.09/turn              (no ring)
                                (no ring)
                                (no ring)

@: no status effects
A: almost no armour, stealthy swim, amphibious, 8 rings, constrict 8, camouflage
1, gelatinous body 1
a: no special abilities


You were on level 3 of the Dungeon.
You were not hungry.

You visited 1 branch of the dungeon, and saw 3 of its levels.

You collected 145 gold pieces.

Inventory:

Hand Weapons
 a - a +0 long sword (weapon)
Armour
 b - a +0 shield (worn)
Jewellery
 m - a +3 amulet of reflection {unknown}
Wands
 n - a wand of scattershot (5)
Scrolls
 i - a scroll of amnesia
Potions
 c - 3 potions of might
 e - a potion of flight {unknown}
 f - a potion of cancellation {unknown}
 g - a potion of haste {unknown}
 h - a potion of brilliance {unknown}
 j - a potion of curing {unknown}
 k - a potion of lignification
Comestibles
 d - 2 rations
 l - 5 chunks of flesh


   Skills:
 - Level 3.0 Fighting
 + Level 4.8 Long Blades
 - Level 3.0 Dodging
 - Level 3.0 Shields


You had 3 spell levels left.
You didn't know any spells.
Your spell library was empty.

Dungeon Overview and Level Annotations

Branches:
Dungeon (3/15)

Altars:
Cheibriados
Xom


Innate Abilities, Weirdness & Mutations

You cannot wear most types of armour.
You are very stealthy in the water. (Stealth+)
You are amphibious.
You can wear up to eight rings at the same time.
You can use your tentacles to constrict eight enemies at once.
Your skin changes colour to match your surroundings (Stealth+).
Your rubbery body absorbs attacks. (AC +1, EV +1)


Message History

You hear the rusting of a distant drain.
An orc priest comes into view. It is wielding a +0 dagger.
The orc shouts!
The orc hits you with a +0 war axe!
You closely miss the orc. You grab the orc. You squeeze the orc!
You kill the orc!
You start resting.
The orc priest is too close now for your liking.
The orc priest shouts!
You see here a +0 war axe.
The orc priest hits you with a +0 dagger.
You hit the orc priest. You grab the orc priest.
The orc priest is moderately wounded.
You constrict the orc priest.
The orc priest mumbles some strange prayers to Beogh against you.
Beogh smites you!
* * * LOW HITPOINT WARNING * * *
The orc priest calls down the wrath of Beogh upon you.
Beogh smites you!
You die...

.....#..##.#.#.#..# #.# #......
.........)...#.#..# #.# #......
.....#..##........###.#####......
.........)...............).......
.....#..##...#.##..##.#####......
.....#..##...............o.....#.
......................#####.##...
.............#.###.#### #.##...
.........#.....o@.)########.##...
......#.##...#..[................
...............##.#.##.#.........
...............##.#.##.#.........
.............#.##................
......#.##...#.##.#....#######...
.......................# #...
....<........ ........# ....
.........#... #........# ###


You could see an orc priest.

Vanquished Creatures
  3 adders
  2 oozes (D:2)
  A worm (D:2)
  2 dart slugs
  A leopard gecko (D:1)
  5 orcs (D:3)
  A giant cockroach (D:2)
  4 goblins (D:1)
  4 hobgoblins
  9 jackals
  6 kobolds
  2 bats
  5 frilled lizards
  5 rats
50 creatures vanquished.

Vanquished Creatures (others)
  5 toadstools (D:1)
5 creatures vanquished.

Grand Total: 55 creatures vanquished

Notes
Turn   | Place    | Note
-------+----------+-------------------------------------------
     0 | D:1      | Naridas the Octopode Fighter began the quest for the Orb.
     0 | D:1      | Reached XP level 1. HP: 16/16 MP: 1/1
    77 | D:1      | Found a shimmering altar of Xom.
   131 | D:1      | Reached XP level 2. HP: 21/21 MP: 2/2
   471 | D:1      | Reached skill level 3 in Long Blades
   537 | D:1      | Reached XP level 3. HP: 26/26 MP: 3/3
   777 | D:2      | Found a snail-covered altar of Cheibriados.
  1114 | D:2      | Reached skill level 4 in Long Blades
  1189 | D:2      | Reached XP level 4. HP: 29/31 MP: 4/4
  1778 | D:3      | Killed from afar by an orc priest

Skill      XL: |  1  2  3 |
---------------+----------+-----
Long Blades    | 3 4 |  4.8
Fighting       | |  3.0
Dodging        | |  3.0
Shields        | |  3.0

Action                   |  1- 3 |  4- 6 || total
-------------------------+-------+-------++-------
Melee: Long sword        |    60 |    36 ||    96
       Constrict         |    18 |    11 ||    29
       Tentacles         |     7 |     6 ||    13
  Use: Scroll            |       |     3 ||     3
 Stab: Sleeping          |     7 |     4 ||    11
  Eat: Chunk             |       |     3 ||     3
Armor: Skin              |     6 |     1 ||     7
Dodge: Dodged            |    27 |     8 ||    35
Block: Shield            |    12 |    15 ||    27
       Rpst.: Long sword |     8 |     2 ||    10
